Map: Port Aleksander LE

Players

Sandro - Winner!

  • Race: Protoss Protoss
  • League: Master
  • Spawn Location: 5:00

BluE

  • Race: Protoss Protoss
  • Spawn Location: 11:00

VOD

Have the link to the VOD?

Description

Time

  • Played on: Jan. 28, 2019, 10:38 a.m.
  • Length: 11:23
Show
View Real Time Build Order
Export as new Build Order

Sandro Protoss - Winner!

Build Orders:  

Get SALT Encoding   

  12  0:00  Probe  
  13  0:12  Probe  
  14  0:18  Pylon  
  14  0:24  Probe  
  15  0:32  Probe  
  15  0:39  Gateway  
  15  0:40  Probe  
  16  0:47  Assimilator  
  17  0:51  Probe  
  17  0:56  Assimilator  
  18  1:00  Probe  
  19  1:08  Probe  
  19  1:09  Gateway  
  19  1:17  Probe  
  21  1:26  Cybernetics Core  
  21  1:30  Probe  
  22  1:40  Pylon  
  22  1:42  Probe  
  23  1:53  Warp Gate  
  23  1:58  Probe  
  24  2:02  Adept  
  24  2:03  Adept  
  28  2:14  Probe  
  29  2:16  Pylon  
  29  2:20  Pylon  
  29  2:33  Stalker  
  29  2:34  Stalker  
  33  3:02  Nexus  
  33  3:10  Probe  
  34  3:18  Stargate  
  30  3:21  Pylon  
  30  3:24  Probe  
  31  3:33  Forge, Probe  
  31  3:41  Probe  
  32  3:47  Adept  
  35  3:50  Adept  
  35  3:52  Probe  
  38  4:00  Shield Battery  
  38  4:06  Oracle, Protoss Ground Weapons Level 1  
  41  4:22  Probe  
  41  4:25  Stalker  
  41  4:27  Probe  
  41  4:30  Probe  
  41  4:31  Sentry  
  44  4:39  Probe  
  44  4:41  Probe  
  44  4:43  Shield Battery  
  46  4:54  Oracle  
  49  5:05  Stalker x2  
  49  5:06  Probe x2  
  55  5:16  Probe  
  56  5:22  Twilight Council, Robotics Facility  
  56  5:23  Assimilator  
  56  5:25  Pylon, Assimilator  
  56  5:28  Shield Battery  
  56  5:34  Probe  
  56  5:38  Probe  
  56  5:41  Pylon  
  58  5:42  Probe  
  58  5:45  Adept  
  58  5:48  Adept  
  63  5:50  Probe  
  63  5:53  Probe  
  65  6:01  Gateway x2  
  65  6:02  Probe  
  66  6:04  Pylon  
  66  6:05  Pylon, Probe  
  67  6:11  Protoss Ground Weapons Level 2  
  67  6:14  Probe  
  67  6:16  Immortal  
  72  6:26  Probe  
  70  6:34  Gateway  
  70  6:35  Probe  
  70  6:37  Charge  
  70  6:39  Gateway  
  70  6:46  Gateway  
  70  6:50  Gateway  
  70  7:01  Zealot  
  70  7:02  Zealot x3  
  78  7:15  Nexus  
  78  7:22  Zealot  
  78  7:23  Zealot  
  82  7:33  Templar Archives  
  82  7:35  Pylon x2  
  82  7:40  Zealot x2  
  86  7:54  Zealot x4  
  94  7:58  Protoss Ground Weapons Level 3  
  94  8:05  Shield Battery  
  94  8:08  Pylon  
  94  8:10  High Templar x4  
  102  8:14  Pylon  
  102  8:15  Archon  
  102  8:16  Archon  
  102  8:20  Probe  
  102  8:22  Immortal  
  102  8:25  Probe  
  107  8:33  Probe  
  108  8:37  High Templar x2  
  113  8:41  Archon  
  113  8:43  Probe  
  113  8:47  Zealot x3  
  120  8:49  High Templar x2  
  120  8:53  Archon  
  124  8:57  Zealot  
  124  9:09  Zealot x3  
  114  9:10  Zealot  
  114  9:15  Zealot  
  99  9:22  Zealot x2  
  99  9:26  Zealot  
  99  9:28  Phoenix  
  99  9:30  Zealot  
  91  9:32  Immortal  
  97  9:39  High Templar x2  
  97  9:44  Zealot  
  103  9:45  Zealot  
  103  9:48  High Templar  
  103  9:50  Archon  
  103  9:52  Probe  
  108  9:58  Zealot x3  
  110  10:03  Pylon  
  110  10:06  Observer  
  110  10:10  Photon Cannon  
  110  10:11  High Templar  
  113  10:15  Archon  
  113  10:19  Adept x2  
  113  10:20  Zealot x2, Warp Prism  
  121  10:26  Zealot x3  
  129  10:40  Zealot x3, Sentry  
  137  10:44  Probe x2  
  139  10:51  Zealot x2  
  139  10:52  Zealot  
  145  11:01  Zealot x3  
  149  11:05  Pylon  
  149  11:06  Pylon  
  147  11:18  Zealot x5  
Show
View Real Time Build Order
Export as new Build Order

BluE Protoss 

Build Orders:  

Get SALT Encoding   

  12  0:00  Probe  
  13  0:13  Probe  
  14  0:18  Pylon  
  14  0:24  Probe  
  15  0:32  Probe  
  15  0:39  Gateway  
  15  0:40  Probe  
  16  0:49  Assimilator  
  17  0:51  Probe  
  18  0:59  Assimilator  
  18  1:03  Probe  
  19  1:16  Gateway, Probe  
  20  1:27  Cybernetics Core  
  20  1:28  Probe  
  21  1:36  Pylon  
  21  1:41  Probe  
  22  1:53  Probe  
  23  1:59  Warp Gate  
  23  2:05  Stalker, Sentry, Probe  
  28  2:14  Pylon  
  28  2:23  Pylon  
  28  2:35  Stalker x2  
  32  2:51  Forge  
  32  3:09  Nexus, Probe  
  31  3:17  Probe  
  31  3:18  Protoss Ground Weapons Level 1  
  30  3:32  Probe  
  31  3:44  Probe  
  31  3:47  Twilight Council  
  32  3:56  Probe  
  32  4:01  Adept  
  32  4:02  Adept  
  37  4:09  Probe  
  38  4:17  Blink  
  38  4:19  Probe  
  38  4:22  Pylon  
  36  4:28  Probe x2  
  37  4:36  Probe  
  38  4:40  Probe  
  40  4:45  Probe  
  41  4:54  Probe  
  41  4:59  Probe  
  42  5:05  Protoss Ground Weapons Level 2  
  42  5:06  Probe  
  42  5:09  Stalker  
  42  5:10  Stalker  
  42  5:11  Probe  
  47  5:18  Probe  
  47  5:19  Pylon  
  48  5:23  Probe  
  49  5:30  Probe  
  50  5:41  Stalker x2, Probe  
  53  5:45  Probe  
  54  5:51  Nexus  
  54  6:01  Robotics Facility  
  54  6:03  Pylon  
  54  6:15  Stalker x2  
  54  6:18  Charge  
  54  6:34  Probe  
  54  6:35  Probe  
  54  6:39  Gateway  
  56  6:40  Gateway x2  
  56  6:44  Gateway  
  56  6:46  Probe  
  57  6:47  Probe  
  57  6:50  Observer  
  59  6:58  Probe  
  59  6:59  Gateway x2  
  60  7:03  Probe  
  60  7:05  Probe  
  62  7:09  Templar Archives  
  62  7:12  Probe  
  62  7:16  Probe  
  62  7:22  Templar Archives  
  63  7:27  Gateway, Probe  
  63  7:28  Gateway  
  63  7:29  Probe  
  65  7:31  Probe  
  66  7:39  Zealot x2  
  66  7:41  Zealot  
  66  7:43  Zealot  
  74  7:44  Warp Prism  
  74  7:46  Zealot  
  74  7:51  Pylon  
  78  8:01  Zealot x2  
  78  8:05  Pylon  
  82  8:07  Pylon  
  82  8:16  High Templar x2  
  82  8:18  Zealot x2, Pylon  
  90  8:20  Observer  
  90  8:22  Archon  
  90  8:33  Zealot x6  
  102  8:39  Pylon  
  102  8:58  Zealot x3  
  102  8:59  Zealot x4  
  102  9:00  Zealot  
  80  9:19  Zealot x2  
  80  9:20  Zealot x4  
  80  9:22  Zealot x2  
  60  9:41  Zealot x3  
  60  9:42  Zealot x4  
  74  9:49  Zealot x3  
  80  10:06  High Templar x3  
  86  10:07  High Templar  
  86  10:11  Archon x2  
  86  10:12  Zealot x5  
  86  10:13  Zealot  
  100  10:45  Zealot x6  
  100  10:46  Zealot x4  
  118  10:51  Pylon  
  111  11:11  Zealot x3  
  111  11:12  Zealot x2  
Tags
 
League
Master
Matchup
PvP
Spawn Locations
Cross Positions
Add a new tag
Caveats
  • Supply blocks, unpowered buildings, or Contaminate may cause inaccurate times.
  • Supply counts are checked every 10 seconds.